 Dungeon Crawl Stone Soup version bcrawl-1.12-8-g964540c432 (webtiles) character file.

Game seed: 15652408878020603296

18 Freyura the Magician (level 2, -1/20 HPs)
             Began as an Oni Wizard on June 4, 2019.
             Slain by a kobold
             ... wielding a +0 dagger
              (3 damage)
             ... on level 1 of the Dungeon.
             The game lasted 00:05:07 (755 turns).

Freyura the Magician (Oni Wizard)                    Turns: 755, Time: 00:05:08

Health: -1/20      AC:  2    Str: 10    XL:     2   Next: 70%
Magic:  7/7        EV: 12    Int: 19    God:
Gold:   17         SH:  0    Dex:  9    Spells: 2/6 levels left

rFire    . . .     SeeInvis .   (no weapon)
rCold    . . .     Gourm    .   (no shield)
rNeg     . . .     Faith    .   a - +0 animal skin
rPois    .         Spirit   .   b - +0 hat
rElec    .         Reflect  .   (no cloak)
rCorr    .         Harm     .   (no gloves)
MR       .....                  (no boots)
Stlth    ++........             (no amulet)
HPRegen  0.06/turn              (no ring)
MPRegen  0.10/turn              (no ring)

@: no status effects
A: oni magic, claws 1, fangs 1, horns 1
a: no special abilities


You were on level 1 of the Dungeon.
You were not hungry.

You visited 1 branch of the dungeon, and saw 1 of its levels.

You collected 17 gold pieces.

Inventory:

Armour
 a - a +0 animal skin (worn)
 b - a +0 hat (worn)
Jewellery
 c - a +3 ring of strength {unknown}
Scrolls
 e - a scroll of identify {unknown}
 f - a scroll of enchant armour {unknown}
Potions
 g - a potion of agility {unknown}
 h - 2 potions of curing {unknown}
 i - a potion of ambrosia {unknown}
Comestibles
 d - 2 rations {!d}


   Skills:
 - Level 2.1 Dodging
 - Level 1.7 Stealth
 * Level 2.6 Spellcasting


You had 2 spell levels left.
You knew the following spells:

 Your Spells              Type           Power        Failure   Level  Hunger
a - Magic Dart            Conj           ##..         4%          1    None
b - Shock                 Conj/Air       ##..         5%          1    None
c - Call Imp              Summ           ##......     7%          2    ##.....

Your spell library contained the following spells:

 Spells                   Type           Power        Failure   Level  Hunger
 Slow                     Hex            ##......     4%          1    None
 Blink                    Tloc           N/A          7%          2    ##.....
 Conjure Flame            Conj/Fire      ##......     16%         3    ###....
 Mephitic Cloud           Conj/Pois/Air  ##......     17%         3    ###....


Dungeon Overview and Level Annotations

Branches:
Dungeon (1/12)

Altars:


Innate Abilities, Weirdness & Mutations

You learn spells by gaining experience, not through books or religion.
You only train spellcasting to practice magic.
You have sharp fingernails.
You have very sharp teeth.
You have a pair of small horns on your head.


Message History

The kobold hits you but does no damage. The kobold hits you with a +0 dagger.
The kobold hits you but does no damage. The kobold closely misses you.
The kobold hits you but does no damage. The kobold closely misses you.
The kobold closely misses you. The kobold hits you with a +0 dagger.
The kobold hits you but does no damage. The kobold hits you with a +0 dagger.
The kobold hits you with a +0 dagger.
* * * LOW HITPOINT WARNING * * *
The kobold hits you with a +0 dagger.
* * * LOW HITPOINT WARNING * * *
The kobold barely misses you. The kobold misses you.
The kobold barely misses you. The kobold misses you.
The kobold hits you with a +0 dagger.
You die...

⌠...8 ... ....##....
##...###.# .... ##...
#.[.# .# #...# 8... ##..
###.#.###... #8...
>....# #... ##...#####
#...# #... #........#
#...##8... #.....K..#
#....##... #......@.#
#.#..#.... #........####
#.#..#....
######.#....###.#.......
#...............###
###....###.##......
#....# #.#.....#. #....#
#.#.#...#. ############
#....# #...#...#.
...........## .......
#.......#.


You could see a kobold.

Vanquished Creatures
  A worm (D:1)
  A bat (D:1)
  3 giant cockroaches (D:1)
  A goblin (D:1)
  3 hobgoblins (D:1)
  A ball python (D:1)
  2 kobolds (D:1)
  2 rats (D:1)
14 creatures vanquished.

Notes
Turn   | Place    | Note
-------+----------+-------------------------------------------
     0 | D:1      | Freyura the Oni Wizard began the quest for the Orb.
     0 | D:1      | Reached XP level 1. HP: 14/14 MP: 5/5
   189 | D:1      | Reached XP level 2. HP: 12/20 MP: 4/7
   192 | D:1      | Learned a level 1 spell: Shock
   195 | D:1      | Learned a level 2 spell: Call Imp
   750 | D:1      | HP: 1/20 [kobold/+0 dagger (3)]
   755 | D:1      | Slain by a kobold

Skill      XL: |  1 |
---------------+----+-----
Dodging        | 2 |  2.1
Stealth        | |  1.7
Spellcasting   | |  2.6

Action                   || total
-------------------------++-------
Melee: Unarmed           ||    16
       Headbutt          ||     2
       Bite              ||     2
 Cast: Magic Dart        ||    17
       Shock             ||    10
Armor: Animal skin       ||     8
Dodge: Dodged            ||    18
